 Dungeon Crawl Stone Soup version 0.17-a0-744-gaa96792 (webtiles) character file.

25465 namelastname112 the Bludgeoner (level 12, -14/168 HPs)
             Began as a Pale Draconian Chaos Knight on Apr 21, 2015.
             Demolished by an orc warrior
             ... wielding a +0 war axe
              (29 damage)
             ... on level 4 of the Orcish Mines.
             The game lasted 00:47:47 (17095 turns).

namelastname112 the Bludgeoner (DrCK)              Turns: 17095, Time: 00:47:48

Health: -14/168    AC: 14    Str: 22 (26) XL:     12   Next: 89%
Magic:  21/21      EV: 17    Int:  6 (11) God:    Xom [.....*]
Gold:   3992       SH:  0    Dex: 12 (14) Spells: 0 memorised, 11 levels left

rFire  + . .     SeeInvis .     T - +11 flail "Earthworm" {holy, *Rage rC+++ MP+9 Dex-4}
rCold  + + +     Rnd*Rage +     (armour unavailable)
rNeg   . . .     SustAb   .     (no shield)
rPois  +         Gourm    .     Y - +1 hat {MR+}
rElec  .         Spirit   .     V - +2 cloak
rCorr  .         Warding  .     W - +0 pair of gloves "Bahui" {rF+} (curse)
rMut   .         Stasis   .     g - +0 pair of boots
MR     ++...                    m - necklace of Bloodlust {*Rage +Rage MR+ Str+2 Int-2 Slay+3 Curse} (curse)
Stlth  ..........               k - +5 ring of strength
                                (no ring)

@: berserking (expiring), very quick, very resistant to hostile enchantments,
extremely unstealthy
A: breathe steam, unfitting armour, horns 1, agile 1, blink 1, blurry vision 1,
deterioration 2, poison resistance, cold-blooded, MP-powered wands, AC +8
a: Breathe Steam, Blink, Renounce Religion, Evoke Berserk Rage


You were on level 4 of the Orcish Mines.
You worshipped Xom.
You were Xom's teddy bear.
You were very full.

You visited 2 branches of the dungeon, and saw 16 of its levels.
You also visited: Volcano.

You collected 3992 gold pieces.

Inventory:

Hand weapons
 a - a +0 mace of chaos
 K - a +0 blowgun
 T - the +11 flail "Earthworm" (weapon) {holy, *Rage rC+++ MP+9 Dex-4}
   (You found it on level 11 of the Dungeon)

   It has been blessed by the Shining One to cause great damage to the undead
   and demons.
   It affects your dexterity (-4).
   It renders you almost immune to cold.
   It affects your magic capacity (+9).
   It may make you go berserk in combat.
Missiles
 L - 5 curare-tipped needles
Armour
 g - a +0 pair of boots (worn)
 n - a +0 pair of gloves
 V - a +2 cloak (worn)
 W - the cursed +0 pair of gloves "Bahui" (worn) {rF+}
   (You found it in a volcano)

   It protects you from fire.
   It has a curse placed upon it.
 Y - a +1 hat of magic resistance (worn)
Jewellery
 k - a +5 ring of strength (right hand)
 m - the cursed necklace of Bloodlust (around neck) {*Rage +Rage MR+ Str+2 Int-2 Slay+3 Curse}
   (You found it on level 11 of the Dungeon)

   [amulet of rage]

   It affects your strength (+2).
   It affects your intelligence (-2).
   It affects your accuracy and damage with ranged weapons and melee attacks
   (+3).
   It affects your resistance to hostile enchantments.
   It lets you go berserk.
   It may make you go berserk in combat.
   It may re-curse itself when equipped.
   It has a curse placed upon it.
 v - an uncursed ring of invisibility
 z - an uncursed amulet of resist corrosion
 C - an uncursed amulet of the gourmand
 G - an uncursed ring of poison resistance
 J - an uncursed ring of ice
 X - an uncursed amulet of guardian spirit {unknown}
Magical devices
 i - a wand of teleportation (1)
 p - a wand of slowing (24)
 y - a wand of magic darts (7)
 D - a wand of random effects (11)
 E - a wand of fireball (15)
 M - a wand of slowing (26)
 N - a wand of invisibility (2)
 O - a wand of digging (13)
 P - a wand of teleportation (4)
 R - a wand of disintegration (15)
 U - a wand of draining (7)
Scrolls
 c - 3 scrolls of amnesia
 f - 8 scrolls of teleportation
 h - 21 scrolls of identify
 j - a scroll of enchant weapon
 l - 3 scrolls of random uselessness
 o - 7 scrolls of remove curse
 q - 3 scrolls of magic mapping
 u - 6 scrolls of recharging
 F - 2 scrolls of fear {unknown}
 I - a scroll of acquirement {unknown}
 Q - 2 scrolls of summoning {unknown}
Potions
 d - 6 potions of brilliance
 e - 2 potions of curing
 t - 2 potions of haste
 x - 4 potions of might
 A - a potion of restore abilities
 B - a potion of cure mutation {unknown}
 H - a potion of mutation {unknown}
 S - a potion of degeneration {unknown}
 Z - a potion of berserk rage {unknown}
Books
 s - a book of the Sky

   Spells                             Type                      Level
   a - Flight                         Charms/Air                   3
   b - Airstrike                      Air                          4
   c - Silence                        Hexes/Air                    5
   d - Deflect Missiles               Charms/Air                   6
   e - Conjure Ball Lightning         Conjuration/Air              6
   f - Tornado                        Air                          9
Comestibles
 b - 10 bread rations
 r - 10 meat rations
 w - 9 fruits


   Skills:
 + Level 12.2 Fighting
 * Level 15.1 Maces & Flails
 + Level 10.5 Dodging


You had 11 spell levels left.
You didn't know any spells.

Dungeon Overview and Level Annotations

Branches:
Dungeon (12/15)            Temple (0/1) D:4            Lair (0/8) D:9
    Orc (4/4) D:12
    Elf: Orc:3-4

Altars:
Ashenzari
Cheibriados
Makhleb
Qazlal
Trog
Beogh

Shops:
D:7 (}*[[


Innate Abilities, Weirdness & Mutations

You can breathe blasts of scalding, opaque steam.
Your pale cyan-grey scales are hard (AC +8).
Your body does not fit into most forms of armour.
You are cold-blooded and may be slowed by cold attacks.
You have a pair of small horns on your head.
You are agile. (Dex +2)
You can translocate small distances at will.
Scrolls take you a little longer to read.
Your body is deteriorating.
Your system is resistant to poisons.
You expend magic power (3 MP) to strengthen your wands.


Message History

The orc warrior barely misses you.
The orc warlord roars a battlecry!
The orcs go into a battle-frenzy!
The orc warlord hits you with a bardiche!!
* * * LOW HITPOINT WARNING * * *
Items here: )) [[ † a whip; a chain mail; a flail; a leather armour; an orc corpse Unknown command.
Unknown command.
You sock the orc warlord! You headbutt the orc warlord!
The orc warlord is moderately wounded.
The orc knight hits you with a battleaxe!!
* * * LOW HITPOINT WARNING * * *
The orc wizard hits you but does no damage.
You hit the orc warlord.
The orc warlord is moderately wounded.
The orc misses you.
The orc warrior hits you with a war axe!!
You die...
Xom is highly amused!

...#,,,***8,,,8**#,,,#..########*
#.##*,,,**,,...##.,,##..##
#.#***,,,*,....#..,*#....### ..,*
**,,,......o.**#...[#.##
.,,*****,........######.....##
,,,,8,,,,....o.....8.........#
,,*,,,,,,o......§§).........##
,,,,,,,,...._.oooo........###
,,,,,,,,......oo@o.))......#
**,,8,,,......oooo.8..)...##
*******,o.....o.#####)....#
**,,...o.....**##.....##
**,,,#.....#..,*#([.....#
**,,,**.....##..,##.....##
*,,,***8...8**#.,,###.### *∩,**
*,,...*,*#.∩* *## ****
*,,,,,*,******


You could see an orc warlord, an orc knight (frenzied), 3 orc warriors, 3 orc
priests, 2 orc wizards and 7 orcs.

Vanquished Creatures
  Gastronok (Orc:2)
  An orc warlord (Orc:3)
  Josephine (D:11)
  A centaur warrior (Volcano)
  A hydra (D:11)
  An orc high priest (Orc:4)
  Sonja (D:10)
  3 orc knights
  2 hill giants (D:10)
  An ugly thing (D:11)
  An unseen horror (D:12)
  A cyclops (D:12)
  3 orc sorcerers
  A centaur zombie (D:10)
  2 molten gargoyles (Volcano)
  An eye of devastation (D:11)
  2 gargoyles
  3 yaktaurs (Volcano)
  A fire drake (D:9)
  Grinder (D:4)
  A two-headed ogre (Orc:4)
  5 trolls
  A shadow (D:11)
  A snapping turtle (D:11)
  A wyvern (D:5)
  Sigmund (D:2)
  4 wraiths (D:11)
  A fire bat (Volcano)
  2 steam dragons
  A deep elf fighter (D:8)
  A hungry ghost (D:10)
  Grum (D:10)
  A hippogriff (D:12)
  2 wolves (D:9)
  2 wargs (Orc:3)
  A swamp drake (D:11)
  17 orc warriors
  An ice beast (D:10)
  2 black bears
  2 sky beasts
  4 phantoms
  7 centaurs
  7 ogres
  2 giant frogs
  A big kobold (D:8)
  Dowan (D:4)
  A wyvern zombie (D:11)
  2 scorpions
  4 killer bees (D:11)
  2 lava snakes (Volcano)
  8 crimson imps
  A goliath beetle (D:8)
  2 quasits
  4 jellies
  A wasp zombie (D:7)
  A giant frog zombie (D:6)
  21 orc wizards
  Crazy Yiuf (D:3)
  19 orc priests
  An iron imp (D:6)
  2 centaur skeletons
  4 hounds
  5 iguanas
  11 worker ants
  4 giant frog skeletons
  A killer bee zombie (D:10)
  2 hound skeletons
  A worker ant zombie (D:10)
  Robin (D:2)
  8 gnolls
  16 adders
  A river rat (D:5)
  5 shadow imps
  A white imp (D:2)
  An ooze (D:11)
  2 adder skeletons
  An adder zombie (D:5)
  2 worms
  10 giant geckos
  109 orcs
  A ball python (D:5)
  15 bats
  A bat skeleton (D:6)
  8 giant cockroaches
  33 goblins
  27 hobgoblins
  3 jackals
  12 kobolds
  8 quokkas
  4 giant newts
  A giant spore (D:6)
  14 rats
  A ballistomycete (D:12)
  A butterfly (D:5)
483 creatures vanquished.

Vanquished Creatures (collateral kills)
  A centaur zombie (D:10)
  Eustachio (D:5)
  An orc warrior (D:6)
  Duvessa (D:4)
  An ogre (Orc:3)
  A hound (D:5)
  An iron imp (Orc:3)
  An orc wizard (D:4)
  A quasit (D:5)
  A worm (D:4)
  6 orcs
  A goblin (Orc:3)
  A quokka (D:5)
  A quokka zombie (D:6)
  2 ballistomycetes (D:6)
21 creatures vanquished.

Vanquished Creatures (others)
  The ghost of barthelme the Ducker, an experienced TrBe of Trog (D:5)
  A centaur (D:6)
  A quasit (D:6)
  2 jellies (D:6)
  An iron imp (D:4)
  A gnoll (D:2)
  3 shadow imps
  A white imp (D:4)
  An orc (D:6)
  A hobgoblin (D:6)
  A bat (D:5)
  A giant newt (D:3)
  A giant spore (D:12)
  A rat (D:6)
  3 butterflies (D:11)
20 creatures vanquished.

Grand Total: 524 creatures vanquished

Notes
Turn   | Place    | Note
--------------------------------------------------------------
     0 | D:1      | namelastname112, the Draconian Chaos Knight, began the quest for the Orb.
     0 | D:1      | Reached XP level 1. HP: 19/19 MP: 1/1
     9 | D:1      | XOM: butterfly on damage
   392 | D:1      | Reached XP level 2. HP: 17/26 MP: 2/2
   626 | D:1      | Reached XP level 3. HP: 23/31 MP: 3/3
   794 | D:1      | XOM: divination: detect creatures
   998 | D:2      | XOM: harmless Divn miscast
  1019 | D:2      | Noticed Robin
  1032 | D:2      | Killed Robin
  1032 | D:2      | Reached skill level 4 in Maces & Flails
  1193 | D:2      | Reached XP level 4. HP: 39/39 MP: 4/4
  1717 | D:2      | XOM: confuse monster(s)
  1797 | D:2      | XOM: mild Chrm miscast
  1877 | D:2      | XOM: summons 2 hostile demons
  1893 | D:2      | XOM: chaos cloud
  1900 | D:2      | XOM: destruction
  1915 | D:2      | Reached XP level 5. HP: 14/46 MP: 5/5
  2226 | D:2      | Noticed Sigmund
  2235 | D:2      | Gained mutation: You are agile. (Dex +2) [potion of beneficial mutation]
  2244 | D:2      | Killed Sigmund
  2244 | D:2      | Reached skill level 5 in Maces & Flails
  2244 | D:2      | Reached XP level 6. HP: 51/53 MP: 6/6
  2481 | D:3      | XOM: harmless Tloc miscast
  2484 | D:3      | XOM: cast spell 'Cause Fear'
  2519 | D:3      | XOM: silly message
  2530 | D:3      | XOM: harmless Air miscast
  2548 | D:3      | XOM: silly message
  2573 | D:3      | XOM: vitrification
  2576 | D:3      | Noticed Crazy Yiuf
  2582 | D:3      | Killed Crazy Yiuf
  2802 | D:3      | XOM: swap monsters
  2925 | D:3      | XOM: god gift: scroll labeled XYSSIU HYTI
  3096 | D:3      | XOM: god gift: chain mail {god gift}
  3197 | D:4      | Found a staircase to the Ecumenical Temple.
  3197 | D:4      | Noticed Duvessa
  3197 | D:4      | Noticed Dowan
  3197 | D:4      | Noticed Grinder
  3197 | D:4      | XOM: summons 6 friendly demons
  3206 | D:4      | XOM: swap monsters
  3212 | D:4      | Paralysed by Grinder for 2 turns
  3214 | D:4      | Killed Duvessa
  3222 | D:4      | XOM: cast spell 'Blink'
  3227 | D:4      | XOM: potion effect (haste)
  3264 | D:3      | XOM: stat loss: -1 Int (11/12)
  3472 | D:4      | Found a burning altar of Makhleb.
  3472 | D:4      | Noticed an Executioner
  3529 | D:4      | Reached skill level 6 in Maces & Flails
  3582 | D:4      | Reached skill level 5 in Fighting
  3582 | D:4      | Your scales start taking on a pale cyan-grey colour.
  3582 | D:4      | Reached XP level 7. HP: 35/61 MP: 7/7
  3608 | D:4      | Paralysed by Grinder for 4 turns
  3615 | D:4      | Killed Grinder
  3672 | D:4      | XOM: mild Ice miscast
  3843 | D:4      | Killed Dowan
  3876 | D:4      | HP: 3/61 [orc/hand axe (2)]
  4091 | D:4      | XOM: severe Tloc miscast
  4248 | D:4      | Reached skill level 7 in Maces & Flails
  4517 | D:4      | XOM: colour smoke trail
  4654 | D:4      | Reached XP level 8. HP: 36/70 MP: 8/8
  4920 | D:4      | XOM: mild Conj miscast
  5042 | D:4      | XOM: mild Necr miscast
  5096 | D:5      | Entered Level 5 of the Dungeon
  5130 | D:5      | Reached skill level 5 in Dodging
  5182 | D:5      | XOM: give mutations
  5182 | D:5      | Gained mutation: Your body is slowly deteriorating. [Xom's mischief]
  5182 | D:5      | Gained mutation: Scrolls take you a little longer to read. [Xom's mischief]
  5182 | D:5      | Gained mutation: You expend magic power (3 MP) to strengthen your wands. [Xom's mischief]
  5324 | D:5      | XOM: harmless Fire miscast
  5351 | D:5      | Noticed barthelme's ghost (experienced TrBe)
  5371 | D:5      | XOM: summons 4 hostile demons
  5401 | D:5      | XOM: 1-stop teleportation journey
  5686 | D:5      | Found a staircase to the Ecumenical Temple.
  5707 | D:5      | Killed barthelme's ghost
  5707 | D:5      | Reached skill level 8 in Maces & Flails
  5707 | D:5      | XOM: divine lightning (protected)
  5732 | D:5      | XOM: smoke on damage
  5766 | D:5      | XOM: swap monsters
  5769 | D:5      | XOM: polymorph goblin -> gnoll
  5873 | D:5      | Noticed Eustachio
  5880 | D:5      | XOM: summons friendly crimson imp
  5887 | D:5      | XOM: polymorph orc wizard -> jackal
  5909 | D:5      | XOM: summons 5 friendly demons
  5921 | D:5      | Killed Eustachio
  6085 | D:5      | Reached XP level 9. HP: 78/78 MP: 9/9
  6093 | D:5      | Found a bloodstained altar of Trog.
  6310 | D:6      | XOM: 2-stop teleportation journey
  6456 | D:6      | XOM: summons 4 hostile demons
  6471 | D:6      | Reached skill level 9 in Maces & Flails
  6509 | D:6      | Found a bloodstained altar of Trog.
  6538 | D:6      | XOM: give mutations
  6538 | D:6      | Gained mutation: You have a pair of small horns on your head. [Xom's grace]
  6538 | D:6      | Gained mutation: You can translocate small distances at will. [Xom's grace]
  6621 | D:6      | XOM: scenery: 2 doors close
  6885 | D:6      | XOM: blink monster(s)
  6887 | D:6      | XOM: chaos cloud
  6899 | D:6      | XOM: summons 5 hostile shadow creatures
  6903 | D:6      | XOM: summons friendly quasit
  6951 | D:6      | XOM: swap monsters
  7105 | D:6      | XOM: scenery: 1 doors open
  7289 | D:7      | Found Wiomaik's Assorted Antiques.
  7305 | D:7      | XOM: confuse monster(s)
  7316 | D:7      | Found Tunnyxu's Gadget Boutique.
  7326 | D:7      | XOM: divination: detect items
  7653 | D:7      | Found Teenepto's Armour Shoppe.
  7749 | D:7      | Found Yttix's Armour Shoppe.
  7814 | D:7      | XOM: harmless Ice miscast
  7818 | D:7      | Found Ossiu's Antique Weapon Shoppe.
  8117 | D:8      | Reached skill level 10 in Maces & Flails
  8143 | D:8      | XOM: scenery: 2 doors open, 1 doors close
  8150 | D:8      | Found a snail-covered altar of Cheibriados.
  8223 | D:8      | XOM: potion effect (agility)
  8251 | D:8      | XOM: vitrification
  8688 | D:8      | XOM: smoke on damage
  8870 | D:9      | Found a shattered altar of Ashenzari.
  8970 | D:9      | Found a staircase to the Lair.
  8973 | D:9      | Noticed a fire drake
  8984 | D:9      | Killed a fire drake
  9057 | D:9      | Reached XP level 10. HP: 85/88 MP: 10/10
  9073 | D:9      | XOM: god gift: bread ration
  9133 | D:9      | XOM: give mutations
  9133 | D:9      | Gained mutation: Your body is deteriorating. [Xom's mischief]
  9133 | D:9      | Gained mutation: Your system is resistant to poisons. [Xom's mischief]
  9464 | D:9      | Noticed Grum
  9472 | D:9      | XOM: noise
  9482 | D:9      | XOM: polymorph wolf -> steam dragon
  9499 | D:9      | XOM: mild Trmt miscast
  9501 | D:10     | Entered Level 10 of the Dungeon
  9579 | D:10     | XOM: mild Chrm miscast
  9645 | D:10     | Killed Grum
  9645 | D:10     | Reached skill level 11 in Maces & Flails
 10054 | D:10     | Noticed Sonja
 10072 | D:10     | XOM: cast spell 'Warp Weapon'
 10073 | D:10     | Killed Sonja
 10556 | D:10     | XOM: summons 10 friendly demons
 10686 | D:10     | Noticed a hill giant
 10740 | D:10     | Killed a hill giant
 11052 | D:10     | Noticed a hill giant
 11081 | D:10     | XOM: enchant monster (bad)
 11097 | D:10     | XOM: cast spell 'Dispersal'
 11112 | D:10     | XOM: confuse monster(s)
 11129 | D:10     | Killed a hill giant
 11129 | D:10     | Reached skill level 12 in Maces & Flails
 11334 | D:11     | Noticed a cyclops
 11343 | D:11     | XOM: confusion
 11363 | D:11     | a cyclops changed into an eye of devastation
 11363 | D:11     | XOM: polymorph cyclops -> eye of devastation
 11374 | D:11     | Reached XP level 11. HP: 66/99 MP: 4/11
 11476 | D:11     | Noticed a five-headed hydra
 11487 | D:11     | XOM: mild Erth miscast
 11491 | D:11     | XOM: noise
 11507 | D:11     | XOM: polymorph killer bee -> ooze
 11518 | D:11     | XOM: potion effect (berserk rage)
 11524 | D:11     | Killed a five-headed hydra
 11632 | D:11     | XOM: cast spell 'Metabolic Englaciation'
 11703 | D:11     | Found a stormy altar of Qazlal.
 11733 | D:11     | XOM: harmless Conj miscast
 11784 | D:11     | XOM: smoke on damage
 11885 | D:11     | Got a fine flail
 11889 | D:11     | Identified the +11 flail "Earthworm" {holy, *Rage rC+++ MP+9 Dex-4} (You found it on level 11 of the Dungeon)
 11892 | D:11     | Reached skill level 10 in Fighting
 11921 | D:11     | Noticed Josephine
 11923 | D:11     | XOM: butterfly on damage
 12174 | D:11     | Noticed Maurice
 12178 | D:11     | Noticed Maurice
 12178 | D:11     | Maurice changed into Maurice the swamp drake
 12182 | D:11     | XOM: divination: detect items
 12183 | D:11     | Killed Maurice the swamp drake
 12219 | D:11     | XOM: colour smoke trail
 12250 | D:11     | Noticed Harold
 12256 | D:11     | Noticed Harold
 12256 | D:11     | Harold changed into Harold the snapping turtle
 12256 | D:11     | XOM: polymorph Harold -> Harold the snapping turtle
 12265 | D:11     | Killed Harold the snapping turtle
 12289 | D:11     | XOM: god gift: 2480 gold pieces
 12566 | D:11     | XOM: chaos upgrade
 12607 | D:11     | XOM: summons 8 friendly demons
 12616 | D:11     | Killed Josephine
 12687 | D:11     | Reached skill level 13 in Maces & Flails
 12699 | D:11     | Gained mutation: You are dopey. (Int -2) [mutagenic meat]
 12701 | D:11     | Gained mutation: Your muscles are strong. (Str +2) [mutagenic meat]
 12976 | D:12     | XOM: stealth player
 13019 | D:12     | XOM: summons friendly shadow imp
 13021 | D:12     | XOM: silly message
 13027 | D:12     | XOM: divination: detect creatures
 13431 | D:12     | Killed an unseen horror
 13559 | D:12     | XOM: summons 3 hostile shadow creatures
 13827 | D:12     | XOM: fog
 14079 | D:12     | XOM: scenery: 4 doors open
 14160 | D:12     | Found a staircase to the Orcish Mines.
 14265 | Orc:1    | Entered Level 1 of the Orcish Mines
 14582 | Orc:2    | XOM: fog
 14732 | Orc:2    | Noticed Gastronok
 14744 | Orc:2    | Killed Gastronok
 14744 | Orc:2    | Reached skill level 14 in Maces & Flails
 14744 | Orc:2    | Reached XP level 12. HP: 110/110 MP: 12/12
 15353 | Orc:3    | Noticed an orc warlord
 15355 | Orc:3    | XOM: cast spell 'Blink'
 15358 | Orc:3    | XOM: summons friendly iron imp
 15365 | Orc:3    | XOM: divination: detect creatures
 15367 | Orc:3    | XOM: swap monsters
 15372 | Orc:3    | XOM: divination: magic mapping
 15381 | Orc:3    | XOM: summons friendly white imp
 15385 | Orc:3    | Killed an orc warlord
 15733 | Orc:4    | Entered Level 4 of the Orcish Mines
 15771 | Orc:4    | XOM: colour smoke trail
 15864 | Orc:4    | Found a dark tunnel.
 15869 | Volcano  | Entered a volcano
 15883 | Volcano  | XOM: mild Conj miscast
 15951 | Volcano  | XOM: blink monster(s)
 16021 | Volcano  | XOM: 5-stop teleportation journey
 16026 | Volcano  | Got a pair of twisted gloves
 16037 | Volcano  | Identified the cursed +0 pair of gloves "Bahui" {rF+} (You found it in a volcano)
 16161 | Volcano  | Reached skill level 10 in Dodging
 16165 | Volcano  | Found a burning altar of Makhleb.
 16165 | Volcano  | Noticed a centaur warrior
 16176 | Volcano  | Killed a centaur warrior
 16329 | Volcano  | XOM: 8-stop teleportation journey
 16622 | Orc:4    | Found a roughly hewn altar of Beogh.
 16822 | Orc:4    | XOM: give mutations
 16822 | Orc:4    | Lost mutation: You are dopey. (Int -2) [Xom's mischief]
 16822 | Orc:4    | Lost mutation: Your muscles are strong. (Str +2) [Xom's mischief]
 17058 | Orc:4    | Found a roughly hewn altar of Beogh.
 17058 | Orc:4    | XOM: confuse monster(s)
 17060 | Orc:4    | Noticed an orc warlord
 17075 | Orc:4    | Reached skill level 15 in Maces & Flails
 17095 | Orc:4    | Demolished by an orc warrior

Action                   |  1- 3 |  4- 6 |  7- 9 | 10-12 || total
-------------------------+-------+-------+-------+-------++-------
Melee: Mace              |   116 |   166 |   643 |   211 ||  1136
       Unarmed           |       |     7 |       |       ||     7
       Flail             |       |       |       |   402 ||   402
 Fire: Blowgun           |       |       |       |     7 ||     7
 Abil: Breathe Steam     |       |       |     8 |    21 ||    29
       Evoke Invisibilit |       |       |     3 |       ||     3
       Evoke Berserk Rag |       |       |       |     1 ||     1
Evoke: Wand              |       |       |       |     5 ||     5
  Use: Potion            |       |     6 |     9 |     3 ||    18
       Scroll            |       |       |    12 |     1 ||    13
 Stab: Paralysed         |    10 |     3 |    18 |     3 ||    34
       Petrifying        |     1 |       |     1 |       ||     2
       Petrified         |       |     2 |       |       ||     2
       Confused          |       |     1 |     1 |     5 ||     7
       Distracted        |       |       |     3 |       ||     3
       Invisible         |       |       |     1 |       ||     1
       Sleeping          |       |       |     3 |     1 ||     4
  Eat: Chunk             |     1 |     5 |    19 |    32 ||    57
       Fruit             |       |     1 |     5 |    15 ||    21
       Pizza             |       |     1 |     1 |     1 ||     3
       Beef jerky        |       |     1 |       |       ||     1
       Meat ration       |       |       |       |     2 ||     2
